 Dungeon Crawl Stone Soup version 0.26.0-16-gc1dbca0489 (webtiles) character file.

Game seed: 2570179723676165060

58 thiole the Sneak (level 4, -4/27 HPs)
             Began as an Octopode Hedge Wizard on Jan 20, 2021.
             Slain by an orc priest
             ... wielding a +0 flail
              (7 damage)
             ... on level 3 of the Dungeon.
             The game lasted 00:03:06 (2134 turns).

thiole the Sneak (Octopode Hedge Wizard)            Turns: 2134, Time: 00:03:07

Health: -4/27      AC:  1    Str:  9    XL:     4   Next: 1%
Magic:  9/9        EV: 13    Int: 17    God:
Gold:   66         SH:  0    Dex: 11    Spells: 3/9 levels left

rFire    . . .     SeeInvis .   a - +0 dagger
rCold    . . .     Faith    .   (no shield)
rNeg     . . .     Spirit   .   b - +0 hat
rPois    .         Reflect  .   (no amulet)
rElec    .         Harm     .   k - ring of flight
rCorr    .         Rampage  .   (no ring)
Will     .....                  (no ring)
Stlth    +++.......             (no ring)
HPRegen  0.09/turn              (no ring)
MPRegen  0.11/turn              (no ring)
                                (no ring)
                                (no ring)

@: no status effects
A: almost no armour, stealthy swim, amphibious, 8 rings, constrict 8, camouflage
1, gelatinous body 1
a: Evoke Flight


You were on level 3 of the Dungeon.
You visited 1 branch of the dungeon, and saw 3 of its levels.

You collected 66 gold pieces.

Inventory:

Hand Weapons
 a - a +0 dagger (weapon)
 f - a +0 hunting sling
 m - a +0 hunting sling
Missiles
 n - 31 stones
Armour
 b - a +0 hat (worn)
Jewellery
 j - a cursed ring of teleportation
 k - a ring of flight (left tentacle)
Scrolls
 c - a scroll of teleportation {unknown}
 d - 2 scrolls of remove curse {unknown}
 g - 2 scrolls of identify
 h - 2 scrolls of enchant weapon {unknown}
 i - a scroll of immolation {unknown}
 l - a scroll of fear {unknown}
Potions
 o - a potion of heal wounds {unknown}


   Skills:
 - Level 2.0 Dodging
 + Level 3.7 Stealth
 + Level 3.3 Spellcasting
 - Level 2.0 Conjurations
 - Level 2.0 Summonings
 - Level 1.0 Translocations
 * Level 0.1 Air Magic
 + Level 0.0 Poison Magic


You had 3 spell levels left.
You knew the following spells:

 Your Spells              Type           Power        Failure   Level
a - Magic Dart            Conj           36%          8%          1
b - Call Imp              Summ           9%           11%         2
c - Mephitic Cloud        Conj/Pois/Air  5%           36%         3

Your spell library contained the following spells:

 Spells                   Type           Power        Failure   Level
 Blink                    Tloc           N/A          17%         2
 Slow                     Hex            2%           26%         2
 Conjure Flame            Conj/Fire      6%           32%         3


Dungeon Overview and Level Annotations

Branches:
Dungeon (3/15)

Altars:
Dithmenos
Kikubaaqudgha


Innate Abilities, Weirdness & Mutations

You cannot wear most types of armour.
You are very stealthy in the water. (Stealth+)
You are amphibious.
You can wear up to eight rings at the same time.
You can use your tentacles to constrict eight enemies at once.
Your skin changes colour to match your surroundings (Stealth+).
Your rubbery body absorbs attacks. (AC +1, EV +1)


Message History

The dart slug is almost dead.
You constrict the dart slug.
You kill the dart slug!
The orc priest looks encouraged for a moment.
You have reached level 4!
You hit the orc priest but do no damage.
You grab the orc priest. You squeeze the orc priest.
The orc priest is heavily wounded.
You constrict the orc priest, but do no damage.
The orc priest hits you with a +0 flail!
* * * LOW HITPOINT WARNING * * *
You hit the orc priest.
The orc priest is heavily wounded.
You constrict the orc priest, but do no damage.
The orc priest hits you but does no damage.
You barely miss the orc priest. You squeeze the orc priest.
The orc priest is severely wounded.
You constrict the orc priest.
The orc priest hits you with a +0 flail!
You die...

.# #. #...# #.
#.... ..
#....#.######.
+.............
#...#.#.......
+...+.........
#...#.........
...##...<#@/......
.........)o.......
..$...............
###...............
#.......#######.
#.......#
.....##### ......
......


You could see an orc priest.

Vanquished Creatures
  An ooze (D:1)
  4 dart slugs
  A leopard gecko (D:1)
  4 bats
  A giant cockroach (D:1)
  7 goblins
  8 hobgoblins
  2 jackals (D:1)
  5 frilled lizards
  4 kobolds
  4 rats
41 creatures vanquished.

Notes
Turn   | Place    | Note
-------+----------+-------------------------------------------
     0 | D:1      | thiole the Octopode Hedge Wizard began the quest for the
                  | Orb.
     0 | D:1      | Reached XP level 1. HP: 11/11 MP: 4/4
    51 | D:1      | Noticed a redback
    51 | D:1      | Noticed a polar bear
    51 | D:1      | Noticed a four-headed hydra
    51 | D:1      | Noticed a swamp worm
   232 | D:1      | Reached XP level 2. HP: 16/17 MP: 0/6
   748 | D:1      | Reached XP level 3. HP: 21/21 MP: 4/7
  1948 | D:2      | Found a shadowy altar of Dithmenos.
  1949 | D:2      | Found an ancient bone altar of Kikubaaqudgha.
  2063 | D:2      | Learned a level 2 spell: Call Imp
  2067 | D:2      | Learned a level 3 spell: Mephitic Cloud
  2131 | D:3      | Reached XP level 4. HP: 13/27 MP: 9/9
  2134 | D:3      | Slain by an orc priest

Illustrated notes

Levels and vault maps discovered:
D:1:      onia_arrival_zoo_common, layout_basic, minmay_misc_feat_rugged
D:2:      layout_basic, gammafunk_temple_overflow_pools, kennysheep_path_1
D:3:      layout_basic, tso_metal_star

Skill      XL: |  1  2  3 |
---------------+----------+-----
Stealth        | 3 |  3.7
Conjurations   | 2 |  2.0
Summonings     | 2 |  2.0
Dodging        | |  2.0
Spellcasting   | |  3.3
Translocations | |  1.0
Air Magic      | |  0.1

Action                   |  1- 3 |  4- 6 || total
-------------------------+-------+-------++-------
Melee: Dagger            |    32 |     3 ||    35
       Constrict         |    11 |     1 ||    12
       Tentacles         |     5 |     2 ||     7
 Cast: Magic Dart        |    96 |       ||    96
  Use: Scroll            |     2 |       ||     2
       Potion            |     1 |       ||     1
Armor: Skin              |     1 |       ||     1
Dodge: Dodged            |    19 |       ||    19
